Map: Dusk Towers

Players

xKawaiian - Winner!

  • Race: Terran Terran
  • League: Master

Trussell

  • Race: Zerg Zerg
  • League: Grandmaster

VOD

Have the link to the VOD?

Description

Time

  • Played on: Jan. 10, 2016, 11:17 a.m.
  • Length: 10:55
Show
View Real Time Build Order
Export as new Build Order

xKawaiian Terran - Winner!

Build Orders: Reaper Expand, MMM Bio 

Get SALT Encoding   

  12  0:01  SCV  
  13  0:13  SCV  
  14  0:17  Supply Depot  
  14  0:25  SCV  
  15  0:39  SCV  
  15  0:40  Barracks  
  16  0:46  Refinery  
  16  0:51  SCV  
  17  1:03  SCV  
  18  1:15  SCV  
  19  1:28  Orbital Command  
  19  1:29  Reaper  
  20  1:40  Command Center  
  20  1:52  Supply Depot  
  20  1:53  SCV  
  21  2:01  Barracks Reactor  
  21  2:05  SCV  
  21  2:06  Barracks  
  22  2:17  SCV  
  22  2:18  Barracks  
  24  2:30  SCV  
  24  2:38  Marine x2  
  24  2:42  SCV  
  27  2:53  Orbital Command  
  27  2:54  SCV  
  27  2:55  Marine x2  
  27  2:56  Barracks Tech Lab  
  30  3:03  Factory  
  30  3:05  Marine  
  30  3:06  SCV  
  30  3:11  Refinery  
  31  3:13  Marine x2  
  31  3:16  Stimpack  
  31  3:18  SCV, Marine  
  35  3:22  SCV  
  35  3:23  Marine  
  37  3:30  SCV  
  37  3:31  Marine x2  
  40  3:36  Marine  
  40  3:38  SCV  
  42  3:42  SCV, Marine  
  42  3:47  Supply Depot  
  42  3:48  Starport  
  44  3:49  Marine  
  44  3:51  Factory Reactor  
  44  3:52  SCV  
  46  4:00  Supply Depot  
  46  4:05  Supply Depot  
  46  4:08  SCV x2, Marine x2  
  50  4:18  Marine x2  
  50  4:20  SCV x2  
  54  4:26  Marine x2  
  54  4:28  Supply Depot  
  54  4:31  Medivac x2  
  60  4:34  SCV x2  
  60  4:38  Marine x2  
  64  4:46  Command Center  
  64  4:47  SCV  
  64  4:49  SCV  
  64  4:50  Marine  
  64  4:51  Marine  
  68  4:58  Marine x2  
  68  4:59  SCV  
  71  5:01  SCV, Medivac  
  74  5:08  Factory Tech Lab, Marine  
  74  5:09  Barracks Reactor  
  74  5:11  SCV  
  74  5:13  SCV, Refinery x2  
  77  5:15  Marine  
  78  5:24  Supply Depot  
  78  5:25  Supply Depot  
  78  5:39  Bunker  
  78  5:42  Bunker, Marine  
  78  5:44  Marine  
  78  5:45  Marine  
  78  5:46  SCV, Marine x2, Siege Tank, Medivac  
  79  6:00  Orbital Command, Marine  
  79  6:03  Marine, Marauder  
  83  6:07  SCV  
  83  6:08  SCV  
  83  6:10  Engineering Bay  
  85  6:11  Engineering Bay  
  85  6:13  Barracks  
  85  6:15  Barracks  
  85  6:22  Marine  
  85  6:24  SCV, Marauder  
  89  6:30  Marine  
  88  6:35  Marine x2, Orbital Command, Medivac x2  
  94  6:45  Marine  
  94  6:46  Marauder  
  97  6:47  Terran Infantry Weapons Level 1, Terran Infantry Armor Level 1  
  97  6:48  Marine  
  97  6:53  Marine  
  99  6:55  Marine  
  99  7:00  Siege Tank  
  103  7:02  Marine  
  103  7:04  Armory  
  103  7:07  Missile Turret, Marauder  
  103  7:08  Missile Turret, Marine  
  105  7:10  SCV  
  105  7:13  Barracks Reactor  
  105  7:15  Barracks Reactor  
  100  7:16  SCV  
  100  7:17  SCV  
  100  7:22  SCV  
  103  7:28  Marauder  
  103  7:29  SCV  
  106  7:33  Marine x3  
  109  7:39  Marine  
  109  7:40  SCV x2  
  109  7:43  Combat Shields  
  112  7:47  Supply Depot x2  
  112  7:49  Supply Depot, Marine  
  112  7:50  Medivac x2  
  112  7:51  Marine  
  118  7:52  Supply Depot, Terran Vehicle And Ship Armor Level 1  
  118  7:54  Marine  
  118  7:55  Marine x4  
  118  7:56  Supply Depot  
  123  7:59  Missile Turret  
  123  8:03  Supply Depot  
  123  8:04  Marine x2  
  125  8:09  Marine x2  
  125  8:10  SCV x2  
  125  8:12  Marine  
  129  8:14  Liberator x2  
  129  8:17  Marine  
  131  8:25  Refinery x2  
  131  8:27  Marauder  
  131  8:29  Marine x3  
  139  8:49  Marine x2  
  139  8:54  Command Center  
  141  8:57  SCV  
  141  8:58  Marine x2  
  144  9:04  Marine x3  
  144  9:07  Marine x3  
  144  9:09  Missile Turret  
  150  9:10  Siege Tank  
  153  9:22  Marine x2  
  153  9:23  Marine x3  
  158  9:27  Liberator x2  
  158  9:30  Marine x2  
  160  9:34  Marine x2  
  162  9:41  Marine x2  
  162  9:42  Marine x3  
  165  9:48  Marine  
  165  9:50  Marine  
  162  9:53  Marauder  
  162  9:54  Marine  
  162  9:59  Marine  
  162  10:00  Marine  
  162  10:01  Siege Tank  
  162  10:06  Marine  
  162  10:08  Marine x2  
  162  10:10  Marine  
  162  10:14  Marine  
  161  10:18  Marine  
  162  10:23  Marine  
  162  10:25  Marine  
  162  10:26  Marine  
  162  10:28  Marine  
  163  10:32  SCV x2, Marine  
  163  10:34  Starport, Fusion Core  
  165  10:35  Marine  
  165  10:36  Starport  
  165  10:38  Supply Depot  
  165  10:40  Supply Depot  
Show
View Real Time Build Order
Export as new Build Order

Trussell Zerg 

Build Orders: Hatch First, Muta Ling Bane 

Get SALT Encoding   

  12  0:01  Drone  
  13  0:13  Overlord  
  13  0:18  Drone  
  14  0:32  Drone x2  
  16  0:36  Drone  
  17  0:46  Drone  
  18  0:57  Hatchery  
  17  1:10  Spawning Pool  
  16  1:14  Extractor  
  16  1:15  Drone  
  16  1:20  Drone  
  16  1:23  Drone  
  18  1:29  Drone  
  19  1:40  Drone  
  20  1:54  Overlord  
  20  1:56  Queen  
  22  2:09  Queen  
  22  2:11  Drone x2  
  22  2:12  Zergling x2  
  22  2:14  Metabolic Boost  
  27  2:20  Zergling x2  
  28  2:23  Drone  
  29  2:32  Drone  
  29  2:34  Spore Crawler  
  29  2:37  Zergling x2  
  29  2:43  Drone  
  32  2:45  Drone  
  33  2:52  Overlord  
  33  2:53  Queen  
  35  3:03  Drone  
  35  3:05  Overlord  
  36  3:10  Queen  
  38  3:15  Drone x2  
  40  3:26  Roach Warren  
  39  3:27  Hatchery  
  39  3:29  Drone x2  
  39  3:30  Drone x2  
  39  3:33  Drone  
  43  3:35  Drone  
  43  3:39  Drone x2  
  46  3:42  Drone  
  46  3:46  Drone x2  
  49  3:50  Overlord  
  49  3:54  Extractor  
  49  3:55  Drone  
  49  3:58  Extractor  
  48  4:04  Drone x2  
  48  4:05  Drone, Overlord  
  48  4:09  Lair  
  51  4:11  Drone  
  51  4:13  Drone  
  53  4:30  Overlord  
  53  4:31  Drone x2  
  53  4:32  Drone x3  
  53  4:36  Drone x3  
  53  4:37  Drone  
  62  4:40  Extractor  
  62  4:42  Overlord  
  61  4:47  Overlord  
  61  4:51  Roach x2  
  65  4:55  Evolution Chamber, Roach x2  
  65  4:56  Evolution Chamber  
  65  4:57  Drone  
  68  5:05  Overlord  
  68  5:08  Drone  
  68  5:10  Roach x4  
  68  5:12  Roach  
  79  5:15  Glial Reconstitution  
  79  5:18  Drone x2  
  81  5:25  Roach x3  
  87  5:32  Roach  
  87  5:35  Spore Crawler, Roach x3  
  94  5:39  Roach x2  
  98  5:43  Overlord  
  98  5:44  Roach  
  98  5:48  Roach x2  
  97  5:52  Roach  
  97  5:53  Roach  
  97  5:54  Roach  
  94  5:57  Zerg Melee Weapons Level 1  
  94  5:59  Roach  
  96  6:05  Drone  
  96  6:06  Drone x2  
  96  6:07  Drone x3  
  96  6:08  Drone  
  103  6:13  Overlord  
  103  6:15  Drone x2  
  103  6:16  Drone  
  106  6:18  Overlord  
  106  6:24  Zerg Ground Armor Level 1  
  106  6:25  Drone x2  
  108  6:27  Drone  
  108  6:28  Drone  
  108  6:30  Overlord  
  110  6:33  Extractor  
  110  6:34  Extractor  
  106  6:40  Drone x3, Spire  
  106  6:43  Drone  
  106  6:44  Drone x2  
  111  6:47  Drone x2  
  111  6:54  Overlord  
  113  7:08  Overlord  
  113  7:10  Drone  
  113  7:11  Drone, Queen  
  113  7:12  Overlord  
  117  7:17  Infestation Pit  
  117  7:22  Overlord, Roach  
  118  7:23  Queen  
  118  7:27  Queen  
  122  7:42  Zergling x12  
  122  7:43  Zergling x18  
  137  7:45  Hatchery, Zergling x2  
  137  7:47  Spore Crawler  
  137  7:48  Overseer  
  136  7:53  Hatchery  
  136  7:55  Mutalisk x4  
  136  7:57  Mutalisk  
  145  7:59  Mutalisk  
  145  8:04  Hive  
  147  8:13  Mutalisk x4  
  147  8:15  Mutalisk  
  147  8:17  Drone  
  147  8:18  Drone  
  147  8:19  Mutalisk  
  159  8:26  Mutalisk x2  
  165  8:31  Baneling Nest  
  164  8:44  Roach x3  
  164  8:47  Overlord x3  
  167  8:50  Overlord  
  167  8:57  Overlord x2  
  167  9:01  Overlord  
  167  9:03  Overlord x2  
  167  9:15  Overlord, Centrifical Hooks  
  167  9:22  Ultralisk Cavern  
  167  9:24  Zergling x24  
  165  9:26  Drone x3  
  172  9:48  Hatchery  
  149  10:05  Zergling x12  
  149  10:06  Zergling x8  
  112  10:15  Ultralisk  
Tags
 
Add a new tag
Caveats
  • Supply blocks, unpowered buildings, or Contaminate may cause inaccurate times.
  • Supply counts are checked every 10 seconds.